 Dungeon Crawl Stone Soup version 0.26-a0-651-gb41185065b (webtiles) character file.

Game seed: 47196956698934089

85 Inarius the Chopper (level 4, -3/40 HPs)
             Began as a Draconian Chaos Knight on Oct 30, 2020.
             Was a Plaything of Xom.
             Slain by a gnoll
             ... wielding a cursed -2 club
              (5 damage)
             ... on level 2 of the Dungeon.
             The game lasted 00:01:16 (1656 turns).

Inarius the Chopper (Draconian Chaos Knight)        Turns: 1656, Time: 00:01:17

Health: -3/40      AC:  5    Str: 12 (13) XL:     4   Next: 25%
Magic:  4/4        EV: 12    Int: 13      God:    Xom [......]
Gold:   64         SH:  0    Dex: 10      Spells: 3/3 levels left

rFire    . . .     SeeInvis .   a - +0 hand axe (chaos)
rCold    . . .     Faith    .   (no shield)
rNeg     . . .     Spirit   .   (armour unavailable)
rPois    +         Reflect  .   (helmet restricted)
rElec    .         Harm     .   (no cloak)
rCorr    .         Rampage  .   (no gloves)
MR       .....                  (no boots)
Stlth    +.........             (no amulet)
HPRegen  0.13/turn              e - ring of poison resistance
MPRegen  0.09/turn              (no ring)

@: no status effects
A: unfitting armour, blurry vision 1, weak 1, cold-blooded, AC +5
a: Renounce Religion


You were on level 2 of the Dungeon.
You worshipped Xom.
You were a very special plaything of Xom.
You visited 1 branch of the dungeon, and saw 2 of its levels.

You collected 64 gold pieces.

Inventory:

Hand Weapons
 a - a +0 hand axe of chaos (weapon)
Jewellery
 e - a ring of poison resistance (left hand)
 k - an uncursed amulet of magic regeneration {unknown}
Scrolls
 d - 3 scrolls of remove curse {unknown}
 f - 3 scrolls of identify {unknown}
 h - a scroll of teleportation {unknown}
 i - a scroll of blinking {unknown}
 j - a scroll of immolation {unknown}
Potions
 b - a potion of magic {unknown}
 c - 3 potions of curing
 g - a potion of heal wounds {unknown}


   Skills:
 + Level 3.9 Fighting
 * Level 4.5 Axes
 + Level 2.4 Dodging
 + Level 0.2 Stealth


You had 3 spell levels left.
You didn't know any spells.
Your spell library was empty.

Dungeon Overview and Level Annotations

Branches:
Dungeon (2/15)

Altars:
Dithmenos
Uskayaw
The Shining One


Innate Abilities, Weirdness & Mutations

Your plain brown scales are hard. (AC +5)
You cannot fit into any form of body armour.
You are cold-blooded and may be slowed by cold attacks.
Scrolls take you a little longer to read.
You are weak. (Str -2)


Message History

The gnoll is almost dead.
You hit the gnoll but do no damage. You closely miss the gnoll.
The gnoll hits you with a +0 spear.
The gnoll hits you but does no damage. x2
The gnoll hits you with a +0 flail.
* * * LOW HITPOINT WARNING * * *
The gnoll hits you but does no damage.
You miss the gnoll.
The gnoll is almost dead.
You hit the gnoll. You freeze the gnoll. You hit the gnoll.
You drain the gnoll. The gnoll hits you with a +0 spear.
* * * LOW HITPOINT WARNING * * *
The gnoll closely misses you. The gnoll hits you with a +0 flail.
* * * LOW HITPOINT WARNING * * *
The gnoll hits you but does no damage.
It was a potion of curing.
You feel better. The gnoll barely misses you.
The gnoll hits you with a +0 spear!
* * * LOW HITPOINT WARNING * * *
The gnoll hits you but does no damage.
The gnoll hits you with a cursed -2 club.
You die...

...# ...
#..###.#### ...
....[....... ?.
##.... #......# ##
#......##.....>#
.##......##.......#
........# #...$..#
.....#### #...gg.#
##.### #...g@.#
#### ########


You could see 3 gnolls.

Vanquished Creatures
  Jessica (D:2)
  An ooze (D:1)
  A worm (D:2)
  3 dart slugs
  2 leopard geckos (D:1)
  2 ball pythons
  A giant cockroach (D:1)
  7 goblins
  3 hobgoblins
  3 jackals (D:1)
  5 bats
  3 frilled lizards
  7 kobolds
  3 rats
42 creatures vanquished.

Notes
Turn   | Place    | Note
-------+----------+-------------------------------------------
     0 | D:1      | Inarius the Draconian Chaos Knight began the quest for the
                  | Orb.
     0 | D:1      | Reached XP level 1. HP: 19/19 MP: 1/1
    60 | D:1      | Reached XP level 2. HP: 11/26 MP: 2/2
   248 | D:1      | XOM: divination: magic mapping
   464 | D:1      | XOM: fog
   531 | D:1      | Reached XP level 3. HP: 30/33 MP: 3/3
   744 | D:1      | XOM is BORED!
   744 | D:1      | XOM: give mutations
   744 | D:1      | Gained mutation: Scrolls take you a little longer to read.
                  | [Xom's mischief]
   744 | D:1      | Gained mutation: You are weak. (Str -2) [Xom's mischief]
   905 | D:2      | Reached skill level 4 in Axes
  1059 | D:2      | Found a shadowy altar of Dithmenos.
  1169 | D:2      | Found a hide-covered altar of Uskayaw.
  1169 | D:2      | Noticed a +0 hand axe
  1169 | D:2      | Noticed Jessica
  1169 | D:2      | Noticed a +0 dagger
  1176 | D:2      | XOM: enchant monster (good)
  1177 | D:2      | XOM: smoke on damage
  1180 | D:2      | Killed Jessica
  1180 | D:2      | Reached XP level 4. HP: 22/40 MP: 4/4
  1262 | D:2      | XOM: stat loss: -1 Str (12/13)
  1378 | D:2      | Found a glowing golden altar of the Shining One.
  1602 | D:2      | XOM: 5-stop teleportation journey
  1649 | D:2      | XOM: 1-stop teleportation journey
  1656 | D:2      | HP: 2/40 [gnoll/+0 spear (10)]
  1656 | D:2      | Slain by a gnoll

Illustrated notes

Levels and vault maps discovered:
D:1:      wander_arrival_fairy_ring, layout_basic, serial_park_tiny_1
D:2:      layout_rooms, amethyst_overflow_temple_binary, old_standard_altar,
          nicolae_tso_carved_into_rock, dancing_weapons_uskayaw, uniq_jessica

Skill      XL: |  1  2  3 |
---------------+----------+-----
Axes           | 4 |  4.5
Fighting       | |  3.9
Dodging        | |  2.4
Stealth        | |  0.2

Action                   |  1- 3 |  4- 6 || total
-------------------------+-------+-------++-------
Melee: Hand axe          |    99 |    20 ||   119
       Tailslap          |     9 |     2 ||    11
  Use: Potion            |       |     1 ||     1
 Stab: Petrifying        |     1 |       ||     1
       Petrified         |     1 |       ||     1
       Paralysed         |     1 |       ||     1
       Sleeping          |     1 |       ||     1
Armor: Skin              |    26 |     6 ||    32
Dodge: Dodged            |    68 |    13 ||    81

Table legend: (Time is in decaauts)
 A = Elapsed time spent in this place.
 B = Non-inter-level travel time spent in this place.
 C = Inter-level travel time spent in this place.
 D = Time resting spent in this place.
 E = Time spent auto-exploring this place.
 F = Levels seen in this place.
 G = Mean time per level.
                   A        B        C        D        E       F      G
               +--------+--------+--------+--------+--------+-----+--------+
         Total |   1667 |   1608 |     59 |    445 |    903 |   2 |  833.5 |
       Dungeon |   1667 |   1608 |     59 |    445 |    903 |   2 |  833.5 |
               +--------+--------+--------+--------+--------+-----+--------+

Top non-repeatable levels by time:
     D:1: 907 daAuts
     D:2: 760 daAuts
